 Dungeon Crawl Stone Soup version 0.28-b1-70-g80dc712255 (webtiles) character file.

Game seed: 3915461405619724841

217 DemonSlayer the Conjurer (level 5, -2/28 HPs)
             Began as a Deep Elf Conjurer on Feb 4, 2022.
             Splashed by a jelly's acid (8 damage)
             ... on level 5 of the Dungeon.
             The game lasted 00:06:54 (4096 turns).

DemonSlayer the Conjurer (Deep Elf Conjurer)        Turns: 4096, Time: 00:06:56

Health: -2/28      AC: -2    Str:  6    XL:     5   Next: 61%
Magic:  11/13      EV: 12    Int: 23    God:
Gold:   131        SH:  0    Dex: 13    Spells: 10/13 levels left

rFire   . . .      SeeInvis .   h - +2 dagger (venom)
rCold   . . .      Faith    .   (no shield)
rNeg    . . .      Spirit   .   a - +0 robe
rPois   .          Reflect  .   (no helmet)
rElec   .          Harm     .   (no cloak)
rCorr   .          Rampage  .   (no gloves)
Will    .....                   (no boots)
Stlth   ++........              (no amulet)
HPRegen 0.09/turn               (no ring)
MPRegen 0.13/turn               (no ring)

@: corroded
A: no striking features
a: no special abilities


You were on level 5 of the Dungeon.
You visited 1 branch of the dungeon, and saw 5 of its levels.

You collected 131 gold pieces.

Inventory:

Hand Weapons
 h - a +2 dagger of venom (weapon)
Armour
 a - a +0 robe (worn)
Scrolls
 b - 2 scrolls of magic mapping {unknown}
 e - a scroll of teleportation {unknown}
 g - a scroll of identify {unknown}
 i - a scroll of immolation {unknown}
Potions
 d - a potion of resistance {unknown}
 f - a potion of degeneration {unknown}


   Skills:
 + Level 3.0 Dodging
 + Level 3.3 Stealth
 + Level 4.5 Spellcasting
 + Level 6.5 Conjurations


You had 10 spell levels left.
You knew the following spells:

 Your Spells              Type           Power      Damage    Failure   Level
a - Magic Dart            Conj           100%       1d8       1%          1
b - Searing Ray           Conj           70%        2d7       1%          2

Your spell library contained the following spells:

 Spells                   Type           Power      Damage    Failure   Level
 Dazzling Flash           Conj/Hex       40%        N/A       8%          3
 Apportation              Tloc           10%        N/A       10%         1
 Fulminant Prism          Conj/Hex       10%        3d9       26%         4
 Iskenderun's Mystic Bla  Conj/Tloc      20%        2d6       26%         4
 Ozocubu's Armour         Ice            5%         N/A       30%         3
 Alistair's Intoxication  Tmut/Pois      3%         N/A       95%         5
 Ozocubu's Refrigeration  Ice            2%         4d5       100%        7


Dungeon Overview and Level Annotations

Branches:
Dungeon (5/15)
 Temple: D:4-7

Altars:
Wu Jian
Xom

Shops:
D:3 (


Message History

You destroy the centaur zombie!
You finish channelling your searing ray.
The orc hits you with a +0 dagger.
The searing ray hits the orc but does no damage.
The orc is severely wounded. (Press . to maintain the ray.)
The orc hits you with a +0 dagger.
The searing ray hits the orc.
You kill the orc!
You start resting.
Magic restored.
You start resting.
HP restored.
You start waiting.
Done waiting.
You start waiting.
Done waiting.
You climb upwards.
The jelly hits you. The acid corrodes you!
You are splashed with acid.
There is a stone staircase leading down here.
The jelly hits you.
You are splashed with acid!
The orc barely misses you.
The orc priest casts a cantrip, but nothing happens.
You climb downwards.
There is a stone staircase leading up, spattered with blood here.
You feel better. The jelly closely misses you.
The searing ray hits the jelly!
The jelly is severely wounded. (Press . to maintain the ray.)
The jelly hits you.
You are splashed with acid!
You are too injured to fight recklessly!
You barely miss the jelly.
The jelly is severely wounded.
The jelly misses you.
You hit the jelly but do no damage.
Your hands burn!
* * * LOW HITPOINT WARNING * * *
The jelly is severely wounded.
The jelly hits you.
* * * LOW HITPOINT WARNING * * *
You are splashed with acid!
You die...

# # #.. ##..#
#..####.....#
#...[@J......
#.#####.##.##
.# .. .. .# #


You could see a jelly.

Vanquished Creatures
  A centaur zombie (D:5)
  A hound (D:4)
  Jessica (D:3)
  An orc wizard (D:4)
  An adder (D:2)
  An adder skeleton (D:4)
  3 worms
  4 dart slugs
  10 orcs
  4 ball pythons
  4 bats (D:1)
  6 endoplasms
  4 giant cockroaches
  6 goblins
  5 hobgoblins
  4 kobolds
  3 frilled lizards
  3 rats
62 creatures vanquished.

Notes
Turn   | Place    | Note
-------+----------+-------------------------------------------
     0 | D:1      | DemonSlayer the Deep Elf Conjurer began the quest for the
                  | Orb.
     0 | D:1      | Reached XP level 1. HP: 10/10 MP: 6/6
   165 | D:1      | Found a faded altar of an unknown god.
   282 | D:1      | Reached XP level 2. HP: 15/15 MP: 6/8
   466 | D:1      | Reached skill level 5 in Conjurations
  1203 | D:2      | Reached XP level 3. HP: 19/19 MP: 6/9
  1968 | D:3      | Noticed Jessica
  2191 | D:2      | Learned a level 2 spell: Searing Ray
  2199 | D:3      | Reached XP level 4. HP: 16/24 MP: 1/11
  2694 | D:3      | Killed Jessica
  2709 | D:3      | Reached skill level 6 in Conjurations
  2973 | D:3      | Found Dailaucy's Antique Weapon Emporium.
  3143 | D:3      | Found a shimmering altar of Xom.
  3364 | D:3      | Found an ornate altar of the Wu Jian Council.
  3431 | D:4      | Reached XP level 5. HP: 28/28 MP: 1/13
  3770 | D:5      | Entered Level 5 of the Dungeon
  4096 | D:5      | Splashed by a jelly's acid

Illustrated notes

Levels and vault maps discovered:
D:1:      dpeg_arrival_arbitrary_b, layout_basic,
          hellmonk_ecumenical_altar_zigzags, minmay_unequal
D:2:      layout_basic
D:3:      layout_basic, nicolae_overflow_hidden_temple, serial_shops,
          nicolae_shop_waterfront, st_stairs_5, minmay_misc_feat_more_columns,
          uniq_jessica
D:4:      layout_cave_pods, trog_butcher_becter, minmay_temple_entry_poolview,
          nicolae_shop_overcharged_wands, uniq_natasha, uniq_blork_the_orc
D:5:      layout_loops_ring, grunt_decor_cap, minmay_misc_feat_ornament

Skill      XL: |  1  2  3  4  5 |
---------------+----------------+-----
Conjurations   | 5 6 |  6.5
Stealth        | 3 |  3.3
Spellcasting   | 4 |  4.5
Dodging        | 3 |  3.0

Action                   |  1- 3 |  4- 6 || total
-------------------------+-------+-------++-------
Melee: Dagger            |       |     4 ||     4
 Cast: Magic Dart        |    70 |       ||    70
       Searing Ray       |     2 |    23 ||    25
  Use: Potion            |       |     4 ||     4
Armor: Robe              |       |     1 ||     1
Dodge: Dodged            |     6 |    12 ||    18
